 Dungeon Crawl Stone Soup version 0.16-a0-3625-g2624681 (webtiles) character file.

14475 BluebellGnoll the Cleaver (level 11, -5/108 HPs)
             Began as a Deep Dwarf Berserker on Jan 13, 2015.
             Was an Elder of Trog.
             Killed from afar by an ice statue (13 damage)
             ... with a shard of ice
             ... in an ice cave on Jan 14, 2015.
             The game lasted 01:20:08 (10690 turns).

BluebellGnoll the Cleaver (Deep Dwarf Berserker)   Turns: 10690, Time: 01:20:08

Health: -5/108     AC: 22    Str: 22    XL:     11   Next: 89%
Magic:  20/20      EV:  7    Int:  8    God:    Trog [****..]
Gold:   192        SH:  0    Dex: 14    Spells: 0 memorised, 10 levels left

rFire  + . .     SeeInvis +     k - +4 hand axe (vamp)
rCold  . . .     Clarity  .     y - +5 plate armour {rF+}
rNeg   + . .     SustAb   .     (no shield)
rPois  .         Gourm    .     b - +2 hat
rElec  .         Spirit   .     N - +0 cloak
rCorr  .         Warding  .     (no gloves)
rMut   .         Stasis   .     x - +0 pair of boots
MR     +....                    (no amulet)
Stlth  ..........               O - ring of see invisible (curse)
                                F - ring of positive energy

@: non-regenerating, somewhat resistant to hostile enchantments, extremely
unstealthy
A: damage resistance, recharge devices, sense surroundings 2, slow healing 3
a: Device Recharging, Burn Spellbooks, Berserk, Trog's Hand, Brothers in Arms,
Renounce Religion


You were in an ice cave.
You worshipped Trog.
Trog was greatly pleased with you.
You were not hungry.

You visited 3 branches of the dungeon, and saw 14 of its levels.
You visited 1 bazaar.
You also visited: Ice Cave.

You collected 834 gold pieces.
You spent 642 gold pieces at shops.

Inventory:

Hand weapons
 k - a +4 vampiric hand axe (weapon)
Missiles
 h - a throwing net
 q - 7 poisoned tomahawks
 t - 9 tomahawks
 w - 4 poisoned javelins
 G - 7 tomahawks of dispersal
 U - 16 javelins of returning (quivered)
Armour
 b - a +2 hat (worn)
 x - a +0 pair of boots (worn)
 y - a +5 plate armour of fire resistance (worn)
 N - a +0 cloak (worn)
Jewellery
 A - an uncursed ring of teleportation
 F - a ring of positive energy (left hand)
 L - an uncursed ring of teleport control
 O - a cursed ring of see invisible (right hand)
Magical devices
 a - a wand of fireball (1)
 c - a wand of heal wounds (3)
 I - a wand of enslavement (6)
 M - a wand of polymorph (0)
Scrolls
 e - a scroll of blinking
 g - 2 scrolls of remove curse
 p - 5 scrolls of fog
 s - 2 scrolls of immolation
 J - 3 scrolls of teleportation
 W - 2 scrolls of identify
Potions
 f - 4 potions of curing
 i - 2 potions of beneficial mutation
 j - a potion of cancellation
 l - a potion of restore abilities
 m - 4 potions of resistance
 r - 2 potions of heal wounds
 D - 2 potions of ambrosia
 E - a potion of agility
 H - 2 potions of lignification
 K - a potion of flight
 X - a potion of invisibility
Books
 Q - a book of Party Tricks

   Spells                             Type                      Level
   a - Summon Butterflies             Summoning                    1
   b - Apportation                    Translocation                1
   c - Tukima's Dance                 Hexes                        3
   d - Alistair's Intoxication        Transmutation/Poison         4
   e - Invisibility                   Hexes                        6
   Trog disapproves of the use of such an item.
Miscellaneous
 z - a plain deck of changes {drawn: 1}
Comestibles
 d - 6 bread rations
 u - 5 meat rations
 T - 2 chunks of flesh
 V - 2 fruits


   Skills:
 + Level 9.8 Fighting
 - Level 11.2 Axes
 * Level 9.6 Throwing
 - Level 6.5 Armour
 - Level 2.1 Dodging
 - Level 8.4 Evocations


You had 10 spell levels left.
You didn't know any spells.

Dungeon Overview and Level Annotations

Branches:
Dungeon (12/15)            Temple (1/1) D:6            Lair (1/8) D:8
    Orc (0/4) D:11

Altars:
Ashenzari
Cheibriados
Dithmenos
Elyvilon
Fedhas
Gozag
Kikubaaqudgha
Makhleb
Nemelex Xobeh
Okawaru
Qazlal
Ru
Trog
Vehumet
Yredelemnul
Zin
Jiyva

Shops:
D:4 (   D:9 ?

Annotations:
IceCv exclusion: 2 ice statues


Innate Abilities, Weirdness & Mutations

You are resistant to damage.
You can recharge devices by infusing magical energy.
You passively map the area around you.
You do not heal naturally.


Message History

You swap places.
Your two-headed ogre closely misses the ice beast. x2
The ice beast hits you but does no damage.
Your two-headed ogre hits the ice beast with a giant spiked club!!
The ice beast dies!
The ice beast hits you.
* * * LOW HITPOINT WARNING * * *
The ice beast freezes you!
* * * LOW HITPOINT WARNING * * *
Unknown command.
The ice statue glitters chillingly in the dim dungeon light. x2
Your two-headed ogre rages.
The ice beast barely misses you.
The ice beast hits you but does no damage.
Your two-headed ogre hits the ice beast with a giant spiked club.
Your two-headed ogre hits the ice beast but does no damage.
Unknown command.
The ice statue throws ice at you. The shard of ice hits you!
You die...

####### ############# *
#.....## ##...).#8....## *
#......###......#......##*,
#.......#.......#.......# ,
, ,
#.......#.......#.Y.....#.
, *
#.∩..∩..........@.Y.....8..
, ,
#.......#.......#Y......#.
, ,
#.......#.......#O......#
#......###......#......##
,, #.....## ##.....#.....##
####### ############# * **


You could see 2 ice statues, 3 ice beasts and a friendly two-headed ogre
(berserk).

Vanquished Creatures
  A hydra (D:11)
  A death yak (D:8)
  3 hill giants
  An ugly thing (D:11)
  Maurice (D:8)
  A centaur zombie (D:11)
  2 centaur skeletons
  Psyche (D:8)
  A kobold demonologist (D:11)
  2 trolls (D:10)
  A two-headed ogre (D:8)
  2 shadows
  A human (D:7)
  A deep elf mage (D:9)
  A steam dragon (D:10)
  Eustachio (D:8)
  3 yaks (D:10)
  A hungry ghost (D:11)
  Grum (D:8)
  4 vampire mosquitoes (D:11)
  2 wolves (D:8)
  A hippogriff (D:8)
  Edmund (D:5)
  2 sky beasts (D:6)
  9 ice beasts
  A black bear (D:7)
  2 orc warriors
  An eye of draining (D:11)
  A big kobold (D:9)
  10 ogres
  8 centaurs
  5 phantoms
  Duvessa (D:6)
  2 crocodiles (D:8)
  6 giant frogs
  6 jellies
  A water moccasin zombie (D:10)
  14 wights
  Dowan (D:6)
  2 crimson imps (D:8)
  A giant frog zombie (D:5)
  A goliath beetle (D:7)
  5 hounds
  3 iguanas
  4 orc priests
  3 orc wizards (D:7)
  6 worker ants
  5 sheep
  Jessica (D:2)
  A hound skeleton (D:10)
  2 worker ant zombies
  Robin (D:2)
  9 gnolls
  3 shadow imps
  13 adders
  3 giant mites
  12 white imps (Lair:1)
  2 worms
  An adder zombie (D:6)
  7 giant geckos
  4 oozes
  23 orcs
  8 bats
  A bat skeleton (D:6)
  4 giant cockroaches
  15 goblins
  23 hobgoblins
  8 jackals
  6 quokkas
  A giant gecko zombie (D:5)
  A giant newt (D:5)
  A giant spore (D:11)
  12 kobolds
  17 rats
  A spectral orc (D:6)
  2 ballistomycetes (D:11)
  3 butterflies (D:6)
319 creatures vanquished.

Vanquished Creatures (collateral kills)
  An ice statue (IceCv)
  A hill giant (D:11)
  2 ice beasts (IceCv)
  A sky beast (D:11)
  An iguana (D:8)
  A mummy (D:8)
7 creatures vanquished.

Vanquished Creatures (others)
  A kobold (D:11)
1 creature vanquished.

Grand Total: 327 creatures vanquished

Notes
Turn   | Place    | Note
--------------------------------------------------------------
     0 | D:1      | BluebellGnoll, the Deep Dwarf Berserker, began the quest for the Orb.
     0 | D:1      | Reached XP level 1. HP: 20/20 MP: 1/1
   284 | D:1      | Reached skill level 4 in Axes
   284 | D:1      | Reached XP level 2. HP: 24/27 MP: 2/2
   480 | D:1      | Acquired Trog's second power
  1032 | D:2      | Reached XP level 3. HP: 17/33 MP: 3/3
  1202 | D:2      | Noticed Robin
  1226 | D:2      | Killed Robin
  1226 | D:2      | Reached skill level 5 in Axes
  1270 | D:2      | Found an iron altar of Okawaru.
  1292 | D:2      | Reached XP level 4. HP: 40/40 MP: 4/4
  1401 | D:2      | Noticed Jessica
  1413 | D:2      | Killed Jessica
  1791 | D:2      | Found an opulent altar of Gozag.
  1792 | D:2      | Found a glowing silver altar of Zin.
  1931 | D:2      | Reached skill level 6 in Axes
  2212 | D:3      | Reached XP level 5. HP: 46/46 MP: 5/5
  2377 | D:3      | Found a white marble altar of Elyvilon.
  3040 | D:4      | Found Fyddecef's Antique Weapon Boutique.
  3047 | D:4      | Reached skill level 7 in Axes
  3122 | D:4      | Noticed an ogre
  3132 | D:4      | Killed an ogre
  3132 | D:4      | Reached XP level 6. HP: 49/55 MP: 6/6
  3177 | D:4      | Found a sparkling altar of Nemelex Xobeh.
  3309 | D:4      | Acquired Trog's third power
  3309 | D:4      | Reached skill level 8 in Axes
  3367 | D:4      | Reached XP level 7. HP: 61/61 MP: 7/7
  3694 | D:5      | Entered Level 5 of the Dungeon
  3752 | D:5      | Found a radiant altar of Vehumet.
  3761 | D:5      | Found a blossoming altar of Fedhas.
  3842 | D:5      | Reached skill level 9 in Axes
  4017 | D:5      | Noticed Edmund
  4045 | D:5      | Killed Edmund
  4205 | D:5      | Reached skill level 5 in Evocations
  4205 | D:5      | Reached XP level 8. HP: 43/68 MP: 13/15
  4656 | D:6      | Found a staircase to the Ecumenical Temple.
  4664 | Temple   | Entered the Ecumenical Temple
  4709 | D:6      | Noticed Duvessa
  4711 | D:6      | Noticed Dowan
  4724 | D:6      | Killed Duvessa
  4728 | D:6      | Killed Dowan
  4806 | D:6      | Found an ancient bone altar of Kikubaaqudgha.
  5146 | D:6      | Found a basalt altar of Yredelemnul.
  5174 | D:6      | Reached skill level 5 in Armour
  5310 | D:6      | Gained mutation: You passively map the area around you. [level up]
  5310 | D:6      | Reached XP level 9. HP: 74/74 MP: 20/20
  5688 | D:7      | Reached skill level 1 in Throwing
  5711 | D:7      | Found a shattered altar of Ashenzari.
  6142 | D:7      | Received a gift from Trog
  6798 | D:8      | Reached skill level 5 in Fighting
  7124 | D:8      | Noticed Eustachio
  7125 | D:8      | Noticed Psyche
  7137 | D:8      | Killed Eustachio
  7137 | D:8      | Killed Psyche
  7137 | D:8      | Reached skill level 5 in Throwing
  7137 | D:8      | Reached XP level 10. HP: 91/91 MP: 21/21
  7236 | D:8      | Noticed a death yak
  7258 | D:8      | Killed a death yak
  7260 | D:8      | Found a staircase to the Lair.
  7282 | D:8      | Received a gift from Trog
  7393 | D:8      | Noticed Grum
  7408 | D:8      | Killed Grum
  7701 | D:8      | Found Cauhobayna's Food Boutique.
  7701 | D:8      | Noticed Maurice
  7819 | D:8      | Killed Maurice
  7819 | D:8      | Reached skill level 10 in Axes
  7984 | D:9      | Upgraded the game from 0.16-a0-3606-g1520cdc to 0.16-a0-3625-g2624681
  8131 | D:9      | Found a stormy altar of Qazlal.
  8151 | D:9      | Found a burning altar of Makhleb.
  8228 | D:9      | Found Quiniunt's Magic Scroll Boutique.
  8234 | D:9      | Bought a scroll of blinking for 120 gold pieces
  8234 | D:9      | Bought a scroll of enchant weapon for 120 gold pieces
  8234 | D:9      | Bought a scroll of enchant weapon for 120 gold pieces
  8319 | D:9      | Received a gift from Trog
  8366 | D:9      | Found a bloodstained altar of Trog.
  8518 | D:10     | Entered Level 10 of the Dungeon
  8551 | D:10     | Reached skill level 11 in Axes
  8709 | D:10     | Received a gift from Trog
  8916 | D:10     | Reached XP level 11. HP: 90/103 MP: 22/22
  9351 | D:10     | Noticed a hill giant
  9357 | D:10     | Killed a hill giant
  9435 | D:11     | Found a flickering gateway to a bazaar.
  9440 | D:11     | Noticed a five-headed hydra
  9445 | Bazaar   | Entered a bazaar
  9459 | Bazaar   | Found Shruig's Weapon Shoppe.
  9478 | Bazaar   | Found Zeehuema's Assorted Antiques.
  9478 | Bazaar   | Found Uhasch's Magic Scroll Emporium.
  9499 | Bazaar   | Found Eseajoy's Magic Scroll Shoppe.
  9499 | Bazaar   | Found Tocis' Antique Weapon Emporium.
  9561 | Bazaar   | Bought a cabochon ring for 65 gold pieces
  9561 | Bazaar   | Bought a fuming dark potion for 11 gold pieces
  9567 | Bazaar   | Bought a scroll of identify for 28 gold pieces
  9581 | Bazaar   | Bought a scroll of identify for 24 gold pieces
  9581 | Bazaar   | Bought a scroll of identify for 24 gold pieces
  9599 | Bazaar   | Bought 2 potions of heal wounds for 130 gold pieces
  9649 | D:11     | Noticed a hill giant
  9671 | D:11     | Killed a hill giant
  9682 | D:11     | Killed a ten-headed hydra
  9760 | D:11     | Noticed a hill giant
  9785 | D:11     | Killed a hill giant
 10130 | D:11     | Found a staircase to the Orcish Mines.
 10135 | D:11     | Noticed a hill giant
 10150 | D:11     | Killed a hill giant
 10489 | Lair:1   | Entered Level 1 of the Lair of Beasts
 10492 | Lair:1   | Received a gift from Trog
 10543 | Lair:1   | Found a frozen archway.
 10566 | IceCv    | Entered an ice cave
 10622 | IceCv    | Noticed an ice statue
 10622 | IceCv    | Noticed an ice statue
 10622 | IceCv    | Noticed an ice statue
 10685 | IceCv    | Killed an ice statue
 10690 | IceCv    | Killed from afar by an ice statue

Action                   |  1- 3 |  4- 6 |  7- 9 | 10-12 || total
-------------------------+-------+-------+-------+-------++-------
Melee: Hand axe          |   126 |   182 |   490 |   534 ||  1332
 Fire: Hunting sling     |     6 |     5 |       |       ||    11
Throw: Stone             |       |     6 |     5 |       ||    11
       Tomahawk          |       |       |    18 |    43 ||    61
       Javelin           |       |       |       |    23 ||    23
Invok: Berserk           |     3 |     3 |     6 |     5 ||    17
       Trog's Hand       |       |     3 |     2 |    11 ||    16
       Burn Spellbooks   |       |       |     1 |     1 ||     2
       Brothers in Arms  |       |       |       |     3 ||     3
 Abil: Device Recharging |       |       |       |     2 ||     2
Evoke: Wand              |     1 |     1 |    10 |    22 ||    34
       Deck              |       |     1 |       |       ||     1
  Use: Scroll            |       |    15 |    11 |    13 ||    39
       Potion            |       |       |     2 |     1 ||     3
  Eat: Chunk             |     3 |    10 |    18 |    20 ||    51
       Bread ration      |       |     1 |       |       ||     1
       Beef jerky        |       |     1 |       |       ||     1
